 Dungeon Crawl Stone Soup version 0.27.0-1-g7a089689b8 (webtiles) character file.

Game seed: 8850626407375733481

838 sanka the Nimble (level 7, 0/32 HPs)
             Began as a Spriggan Fire Elementalist on July 31, 2021.
             Was a Believer of Ashenzari.
             Slain by a yak (13 damage)
             ... on level 5 of the Dungeon.
             The game lasted 00:08:51 (5484 turns).

sanka the Nimble (Spriggan Fire Elementalist)       Turns: 5484, Time: 00:08:51

Health: 0/32       AC:  2    Str:  4    XL:     7   Next: 67%
Magic:  13/13      EV: 30    Int: 17    God:    Ashenzari [**....]
Gold:   231        SH:  0    Dex: 23    Spells: 12/13 levels left

rFire    . . .     SeeInvis +   j - +4 hunting sling (flame)
rCold    . . .     Faith    .   (shield restricted)
rNeg     . . .     Spirit   .   a - +0 robe
rPois    +         Reflect  .   (helmet restricted)
rElec    .         Harm     .   (no cloak)
rCorr    .         Rampage  .   (gloves unavailable)
Will     +....                  (boots unavailable)
Stlth    +++.......             f - amulet "Gaze Upon Infinity" {RegenMP, Evo, Bglg} (curse)
HPRegen  0.10/turn              h - ring of Ashenzari's Black Moon {Dex+6, Evo, Fort} (curse)
MPRegen  0.38/turn              g - ring "Mistrust of Ashenzari" {rPois, Self, Cun} (curse)

@: very quick
A: very small, no large weapons, unfitting armour, see invisible, speed 3
a: Renounce Religion, Shatter the Chains


You were on level 5 of the Dungeon.
You worshipped Ashenzari.
Ashenzari was pleased with you.
You visited 1 branch of the dungeon, and saw 5 of its levels.

You collected 231 gold pieces.


Innate Abilities, Weirdness & Mutations

You are very small and have problems with some larger weapons.
You are too small for most types of armour.
You have supernaturally acute eyesight. (SInv)
You cover ground extremely quickly. (Speed+++)


   Skills:
 + Level 11.4(12.7) Dodging
 - Level 3.0(4.2) Stealth
 - Level 2.6(3.9) Spellcasting
 - Level 0.6(1.3) Conjurations
 - Level 2.4 Fire Magic


You had 12 spell levels left.
You knew the following spells:

 Your Spells              Type           Power      Damage    Failure   Level
y - Foxfire               Conj/Fire      36%        2x1d5     8%          1

Your spell library contained the following spells:

 Spells                   Type           Power      Damage    Failure   Level
 Conjure Flame            Conj/Fire      9%         6-21      22%         3
 Inner Flame              Hex/Fire       7%         N/A       28%         3
 Ignite Poison            Fire/Tmut/Pois 6%         N/A       34%         3
 Gell's Gravitas          Tloc           1%         N/A       41%         3
 Teleport Other           Tloc           3%         N/A       41%         3
 Sticky Flame             Conj/Fire      9%         2d3       58%         4
 Airstrike                Air            1%         N/A       85%         4
 Summon Lightning Spire   Summ/Air       3%         N/A       85%         4
 Fireball                 Conj/Fire      4%         3d4       90%         5
 Lightning Bolt           Conj/Air       2%         1d14      98%         5
 Dispersal                Tloc           1%         N/A       100%        6

Inventory:

Hand Weapons
 e - a +0 short sword
 j - a +4 hunting sling of flaming (weapon)
Missiles
 k - 131 stones (quivered ammo)
Armour
 a - a +0 robe (worn)
Jewellery
 f - the cursed amulet "Gaze Upon Infinity" (around neck) {RegenMP, Evo, Bglg}

   [amulet of magic regeneration]

   It increases your rate of magic regeneration.
   It has a curse which improves the following skills: Evocations: Evocations.
   Beguiling: Conjurations, Hexes and Translocations.
 g - the cursed ring "Mistrust of Ashenzari" (right hand) {rPois, Self, Cun}

   [ring of poison resistance]

   rPois:     It protects you from poison.
   It has a curse which improves the following skills: Introspection: Fighting
   and Spellcasting.
   Cunning:   Dodging and Stealth.
 h - the cursed ring of Ashenzari's Black Moon (left hand) {Dex+6, Evo, Fort}

   [ring of dexterity]

   Dex:       It affects your dexterity (+6).
   It has a curse which improves the following skills: Evocations: Evocations.
   Fortitude: Armour and Shields.
 l - a ring of positive energy
 o - an amulet of guardian spirit
Wands
 i - a wand of flame (13)
 m - a wand of acid (9)
Scrolls
 b - a scroll of silence {!r}
 d - 6 scrolls of teleportation {@r4}
 p - a scroll of holy word
 q - a scroll of enchant weapon
 s - a scroll of magic mapping
Potions
 c - 2 potions of magic
 n - a potion of curing {@q1}
 r - a potion of brilliance

Dungeon Overview and Level Annotations

Branches:
Dungeon (5/15)
 Temple: D:4-7

Altars:
Ashenzari
Gozag
Nemelex Xobeh

Shops:
D:3

( ▒.........
░ ░
▒...(..... ,
,░ ▒.[(......
▒.Y..{Y.Y.
▒▒Y▒▒▒▒▒(. ,
▒Y▒ ▒Y▒ ░ ,
░░ ▒Y▒ , ▒i▒
▒▒▒▒▒▒▒▒▒.▒
░░░
▒.........▒
▒▒▒.▒▒▒▒▒▒▒▒▒
░ ▒.......▒ ,
▒.......▒
▒.......▒ , ,
▒.......▒ ░
▒.......▒


You could see 5 yaks.


Message History

The yak misses you.
You shoot a stone. The stone hits the yak!
The stone burns the yak.
The yak is heavily wounded.
The yak completely misses you.
You shoot a stone. The stone hits the yak.
The stone burns the yak.
The yak is severely wounded.
The yak completely misses you.
You shoot a stone. The stone completely misses the yak.
The stone closely misses the yak.
The stone hits the yak.
The stone burns the yak.
The yak is lightly wounded.
The yak completely misses you.
You shoot a stone. The stone hits the yak.
The stone burns the yak.
The yak is severely wounded.
The yak gores you.
* * * LOW HITPOINT WARNING * * *
You shoot a stone.
The stone hits the yak but does no damage.
The yak is severely wounded.
The yak barely misses you. The yak gores you!
You die...

Action                   |  1- 3 |  4- 6 |  7- 9 || total
-------------------------+-------+-------+-------++-------
Melee: Unarmed           |    10 |       |       ||    10
       Short sword       |     8 |    18 |       ||    26
 Fire: Hunting sling     |       |   153 |    36 ||   189
 Cast: Foxfire           |    98 |    73 |       ||   171
Invok: Curse Item        |     1 |     2 |       ||     3
Evoke: Wand              |       |     1 |       ||     1
 Stab: Sleeping          |     3 |       |       ||     3
Armor: Robe              |     3 |     8 |     1 ||    12
Dodge: Dodged            |    32 |   112 |    16 ||   160

Levels and vault maps discovered:
D:1:      tarquinn_simple_flora_water_e, layout_loops_ring,
          hellmonk_ecumenical_altar_crossroads
D:2:      minmay_chambers_of_ones, layout_loops_corners
D:3:      layout_rooms, grunt_temple_overflow_opulence, serial_shops, shop
D:4:      layout_basic, uniq_pikel
D:5:      layout_basic, mainiacjoe_overflow_chevrons, serial_shops,
          nicolae_square_shop, cheibrodos_gnoll_hut

Notes
Turn   | Place    | Note
-------+----------+-------------------------------------------
     0 | D:1      | sanka the Spriggan Fire Elementalist began the quest for
                  | the Orb.
     0 | D:1      | Reached XP level 1. HP: 9/9 MP: 5/5
   156 | D:1      | Reached skill level 3 in Dodging
   426 | D:1      | Reached XP level 2. HP: 8/13 MP: 2/6
   553 | D:1      | Reached skill level 4 in Dodging
   948 | D:1      | Found a faded altar of an unknown god.
   967 | D:1      | Became a worshipper of Ashenzari the Shackled
  1609 | D:2      | Reached XP level 3. HP: 8/16 MP: 0/8
  1947 | D:2      | Reached skill level 5 in Dodging
  2248 | D:2      | Reached XP level 4. HP: 20/21 MP: 5/9
  2280 | D:2      | Reached skill level 6 in Dodging
  3370 | D:3      | Found Vuox's Weapon Emporium.
  3637 | D:3      | Found an opulent altar of Gozag.
  3638 | D:3      | Found a sparkling altar of Nemelex Xobeh.
  3752 | D:3      | Reached * piety under Ashenzari
  3774 | D:4      | Noticed a scorpion
  3784 | D:4      | Killed a scorpion
  3785 | D:4      | Reached skill level 7 in Dodging
  3785 | D:4      | Reached XP level 5. HP: 15/24 MP: 10/10
  4000 | D:4      | Noticed a lemure
  4000 | D:4      | Noticed a lemure
  4000 | D:4      | Noticed a lemure
  4000 | D:4      | Noticed a lemure
  4000 | D:4      | Noticed Pikel
  4045 | D:3      | Killed a lemure
  4137 | D:4      | Reached skill level 8 in Dodging
  4175 | D:4      | Reached XP level 6. HP: 28/28 MP: 11/11
  4220 | D:4      | Reached ** piety under Ashenzari
  4690 | D:4      | HP: 2/28 [lemure[Pikel] (8)]
  5135 | D:4      | Killed Pikel
  5136 | D:4      | Reached skill level 11 in Dodging
  5136 | D:4      | Reached XP level 7. HP: 32/32 MP: 8/13
  5426 | D:5      | Entered Level 5 of the Dungeon
  5458 | D:5      | Noticed a yak
  5459 | D:5      | Noticed a yak
  5468 | D:5      | Noticed a yak
  5470 | D:5      | Noticed a yak
  5471 | D:5      | Noticed a yak
  5484 | D:5      | Slain by a yak

Vanquished Creatures
  Pikel (D:4)
  2 lemures
  A scorpion (D:4)
  A hound (D:4)
  A centaur skeleton (D:4)
  An iguana (D:4)
  A killer bee zombie (D:4)
  2 hound skeletons
  3 gnolls (D:2)
  6 adders
  A white imp (D:4)
  4 dart slugs
  An orc (D:4)
  5 ball pythons
  3 endoplasms
  4 giant cockroaches
  6 goblins
  7 hobgoblins
  11 jackals
  6 kobolds
  5 quokkas
  3 bats
  3 frilled lizards
  5 rats
83 creatures vanquished.

Vanquished Creatures (others)
  279 foxfires
279 creatures vanquished.

Grand Total: 362 creatures vanquished
